 Dungeon Crawl Stone Soup version 0.24-a0-613-g1ff6aac (webtiles) character file.

Game seed: 18321302982546493391, levelgen mode: deterministic

25 AlmostDecent the Shield-Bearer (level 3, -3/24 HPs)
             Began as a Gargoyle Fighter on Sept 12, 2019.
             Slain by Crazy Yiuf
             ... wielding a +4 quarterstaff of chaos
              (10 damage)
             ... on level 2 of the Dungeon.
             The game lasted 00:02:12 (898 turns).

AlmostDecent the Shield-Bearer (Gargoyle Fighter)    Turns: 898, Time: 00:02:13

Health: -3/24      AC: 10    Str: 19    XL:     3   Next: 6%
Magic:  3/3        EV:  7    Int:  8    God:
Gold:   98         SH:  9    Dex: 10    Spells: 2/2 levels left

rFire    . . .     SeeInvis .   a - +0 war axe
rCold    . . .     Gourm    .   c - +0 shield
rNeg     + . .     Faith    .   b - +0 scale mail
rPois    ∞         Spirit   .   (no helmet)
rElec    +         Reflect  .   (no cloak)
rCorr    .         Harm     .   (no gloves)
MR       +....                  (no boots)
Stlth    ..........             (no amulet)
HPRegen  0.08/turn              h - ring of protection from magic
MPRegen  0.08/turn              (no ring)

@: no status effects
A: negative energy resistance 1, electricity resistance, unbreathing,
petrification resistance, rot immunity, AC +3
a: no special abilities


You were on level 2 of the Dungeon.
You were not hungry.

You visited 1 branch of the dungeon, and saw 2 of its levels.

You collected 98 gold pieces.

Inventory:

Hand Weapons
 a - a +0 war axe (weapon)
Armour
 b - a +0 scale mail (worn)
 c - a +0 shield (worn)
Jewellery
 h - a ring of protection from magic (left hand)
Scrolls
 e - a scroll of remove curse {unknown}
 j - a scroll of teleportation {unknown}
Potions
 d - a potion of might
 i - 2 potions of curing {unknown}
Comestibles
 f - 2 rations
 g - a chunk of flesh


   Skills:
 + Level 3.6 Fighting
 + Level 2.0 Axes
 + Level 3.6 Armour
 + Level 0.1 Dodging
 + Level 3.7 Shields


You had 2 spell levels left.
You didn't know any spells.
Your spell library was empty.

Dungeon Overview and Level Annotations

Branches:
Dungeon (2/15)

Altars:

Annotations:
D:2 Crazy Yiuf


Innate Abilities, Weirdness & Mutations

You are resistant to torment.
Your stone body is resilient. (AC +3)
You are immune to poison.
You resist negative energy. (rN+)
You are resistant to electric shocks. (rElec)
You can survive without breathing.
You are immune to petrification.
You are immune to rotting.


Message History

Crazy Yiuf is lightly wounded.
Crazy Yiuf hits you with a +4 quarterstaff of chaos.
Crazy Yiuf freezes you.
Crazy Yiuf hits you with a +4 quarterstaff of chaos!
You suddenly lose the ability to move!
Crazy Yiuf hits you but does no damage.
Crazy Yiuf hits you with a +4 quarterstaff of chaos.
* * * LOW HITPOINT WARNING * * *
You can move again.
Your shield prevents you from hitting Crazy Yiuf.
Crazy Yiuf is lightly wounded.
You block Crazy Yiuf's attack. Crazy Yiuf closely misses you.
You slash Crazy Yiuf!
Crazy Yiuf is heavily wounded.
You block Crazy Yiuf's attack.
You closely miss Crazy Yiuf.
Crazy Yiuf is heavily wounded.
Crazy Yiuf drinks a potion.
Crazy Yiuf is healed!
Crazy Yiuf hits you with a +4 quarterstaff of chaos!
You die...

..###....####..#<..#.#
##..## ##.#..##.#
♣....♣ ##.......#
♣...♣♣ #..#..####
♣♣.♣♣ #.....# ♣.♣♣
#.....# ♣♣.♣ #...[.#
♣.♣♣ ##..#.# ♣♣@♣
#...#.# #g# ##.##.#
... ##.##.# #...#
#.....# #..)# #..####
##### ####


You could see Crazy Yiuf.

Vanquished Creatures
  An ooze (D:1)
  2 bats (D:1)
  2 goblins (D:1)
  4 hobgoblins
  2 jackals (D:1)
  A ball python (D:1)
  4 frilled lizards
  4 kobolds (D:1)
  A rat (D:1)
21 creatures vanquished.

Notes
Turn   | Place    | Note
-------+----------+-------------------------------------------
     0 | D:1      | AlmostDecent the Gargoyle Fighter began the quest for the
                  | Orb.
     0 | D:1      | Reached XP level 1. HP: 14/14 MP: 1/1
   273 | D:1      | Reached XP level 2. HP: 13/19 MP: 2/2
   751 | D:1      | Reached XP level 3. HP: 24/24 MP: 3/3
   885 | D:2      | Found a runed translucent door.
   886 | D:2      | Noticed Crazy Yiuf
   892 | D:2      | Paralysed by Crazy Yiuf for 4 turns
   898 | D:2      | Slain by Crazy Yiuf

Levels and vault maps discovered:
D:1:      tarquinn_simple_flora_water_b, layout_loops_corners,
          minmay_misc_feat_secret_circle
D:2:      kb_forest_paths, layout_basic, serial_corexii_hall,
          corexii_hall_statues_x, corexii_hall_statues_u, minmay_between,
          uniq_crazy_yiuf_cottage

Skill      XL: |  1  2 |
---------------+-------+-----
Axes           | 2 |  2.0
Fighting       | |  3.6
Armour         | |  3.6
Dodging        | |  0.1
Shields        | |  3.7

Action                   || total
-------------------------++-------
Melee: War axe           ||    71
Armor: Scale mail        ||    44
Dodge: Dodged            ||    23
Block: Shield            ||    47

Table legend:
 A = Non-vault XP
 B = Vault XP
 C = Vault XP percentage of total XP
 D = Non-vault monster count
 E = Vault monster count
 F = Vault count percentage of total count
                 A         B        C        D         E       F
            +---------+---------+-------+---------+---------+-------
      Total |      37 |       0 |   0.0 |      21 |       0 |   0.0
            +---------+---------+-------+---------+---------+-------
        D:1 |      34 |       0 |   0.0 |      19 |       0 |   0.0
        D:2 |       3 |       0 |   0.0 |       2 |       0 |   0.0
            +---------+---------+-------+---------+---------+-------
